[ AOE2 MATCH · #506032744 ]
UnrankedJapanese vs Persians
Player's team · LOSS
[ REPLAY ANALYSIS · EXTRACTED FROM THE RECORDED GAME ]
Feudal
9:15
Castle
28:43
Imperial
—
| APM avg | 45.3 |
| APM peak | 84 |
| eAPM avg | 23.0 |
| Villagers / military | 43 / 35 |
Focus
⚔️ 14.9% · 🌾 85.1%
Archer ×19 · Militia ×16
Feudal
20:34
Castle
27:17
Imperial
—
| APM avg | 62.2 |
| APM peak | 99 |
| eAPM avg | 31.9 |
| Villagers / military | 60 / 18 |
Focus
⚔️ 21.1% · 🌾 78.9%
Cavalry Archer ×18
Match map
Initial resources + every placement click. Lines = walls · curves = elevation contours. ◆ gold · ⬟ stone · ● berries · ✦ relic · ◌ wall gap
Your base· Open — unwalled flank
Tattletale Strangler's base· Open — unwalled flank
Smoothed initial terrain · ◌ = detected wall gap · hover for details
Inputs per minute
— KahTuc - - Tattletale Strangler
Build order — KahTuc
126 actions detected in the replay
| 0:01 | Create | Villager (Male) ×4 |
| 0:02 | Build | House |
| 0:04 | Build | House |
| 1:27 | Create | Villager (Male) |
| 2:02 | Create | Villager (Male) |
| 2:02 | Create | Villager (Male) |
| 2:17 | Create | Villager (Male) |
| 3:00 | Create | Villager (Male) |
| 3:00 | Create | Villager (Male) |
| 3:01 | Create | Villager (Male) |
| 3:12 | Build | Mining Camp |
| 3:20 | Build | Mining Camp |
| 3:47 | Create | Villager (Male) |
| 3:47 | Create | Villager (Male) |
| 4:40 | Create | Villager (Male) |
| 4:40 | Create | Villager (Male) |
| 5:23 | Create | Villager (Male) |
| 5:42 | Build | Lumber Camp |
| 5:47 | Create | Villager (Male) |
| 5:47 | Research | Loom |
| 6:28 | Build | Palisade Wall |
| 6:29 | Build | Palisade Wall |
| 6:30 | Build | Palisade Wall |
| 7:05 | Research | Feudal Age |
| 7:05 | Research | Feudal Age |
| 7:31 | Build | Palisade Wall |
| 7:34 | Build | Palisade Wall |
| 7:35 | Build | Palisade Wall |
| 7:45 | Build | Barracks |
| 7:59 | Build | House |
| 8:16 | Build | Palisade Wall |
| 8:19 | Build | Palisade Wall |
| 8:21 | Build | Palisade Wall |
| 8:23 | Build | Palisade Wall |
| 8:25 | Build | Palisade Wall |
| 8:27 | Build | Palisade Wall |
| 8:28 | Build | Palisade Wall |
| 8:31 | Create | Villager (Male) |
| 8:32 | Build | Palisade Wall |
| 8:36 | Build | Palisade Wall |
| 8:39 | Build | Palisade Wall |
| 8:41 | Build | Palisade Wall |
| 8:43 | Build | Palisade Wall |
| 8:44 | Create | Villager (Male) |
| 8:44 | Create | Villager (Male) |
| 9:06 | Create | Militia |
| 9:15 | Age | Feudal Age |
| 9:25 | Build | Mining Camp |
| 9:30 | Create | Militia |
| 9:53 | Create | Militia |
| 9:53 | Create | Militia |
| 10:02 | Create | Villager (Male) |
| 10:54 | Build | Mill |
| 11:23 | Build | Farm |
| 11:24 | Build | Farm |
| 11:25 | Build | Farm |
| 11:27 | Build | Farm |
| 11:28 | Build | Farm |
| 11:39 | Build | Farm |
| 11:42 | Build | Farm |
| 12:44 | Research | Man-at-Arms (upgrade) |
| 13:44 | Create | Militia |
| 13:44 | Create | Militia |
| 14:06 | Create | Militia |
| 14:12 | Build | Town Center |
| 15:06 | Create | Militia |
| 15:19 | Create | Militia |
| 15:39 | Create | Villager (Male) |
| 15:42 | Create | Villager (Male) |
| 16:26 | Build | House |
| 16:29 | Build | House |
| 17:03 | Create | Villager (Male) |
| 17:04 | Create | Militia |
| 17:10 | Create | Villager (Male) |
| 17:24 | Build | House |
| 17:25 | Build | House |
| 18:06 | Create | Villager (Male) |
| 18:33 | Create | Militia |
| 18:34 | Create | Militia |
| 18:36 | Create | Villager (Male) |
| 18:36 | Create | Villager (Male) |
| 19:04 | Create | Militia |
| 19:16 | Build | Farm |
| 19:16 | Build | Farm |
| 19:16 | Build | Farm |
| 19:17 | Build | Farm |
| 19:17 | Build | Farm |
| 19:21 | Create | Villager (Male) |
| 19:21 | Create | Villager (Male) |
| 20:10 | Create | Villager (Male) |
| 20:11 | Create | Villager (Male) |
| 20:45 | Create | Villager (Male) |
| 21:42 | Create | Villager (Male) |
| 21:42 | Create | Villager (Male) |
| 21:43 | Create | Villager (Male) |
| 22:16 | Build | House |
| 22:19 | Build | House |
| 22:20 | Build | House |
| 22:21 | Build | House |
| 23:00 | Research | Double-Bit Axe |
| 24:02 | Create | Villager (Male) |
| 24:37 | Create | Villager (Male) |
| 24:38 | Create | Villager (Male) |
| 24:41 | Build | Blacksmith |
| 24:47 | Build | Market |
| 25:26 | Create | Villager (Male) |
| 26:04 | Research | Castle Age |
| 27:09 | Build | Archery Range |
| 27:12 | Research | Fletching |
| 27:17 | Build | Archery Range |
| 27:56 | Create | Militia |
| 27:56 | Create | Militia |
| 27:57 | Create | Militia |
| 28:03 | Research | Gold Mining |
| 28:09 | Research | Horse Collar |
| 28:43 | Age | Castle Age |
| 28:50 | Research | Crossbowman (upgrade) |
| 28:51 | Create | Archer ×4 |
| 29:21 | Create | Villager (Male) |
| 29:22 | Create | Villager (Male) |
| 29:45 | Create | Archer ×5 |
| 30:00 | Create | Villager (Male) |
| 30:10 | Create | Archer ×2 |
| 31:48 | Create | Archer ×5 |
| 31:48 | Create | Archer ×2 |
| 31:48 | Create | Archer |
Build order — Tattletale Strangler
First 150 of 154 actions detected
| 0:00 | Create | Villager (Male) |
| 0:02 | Build | House |
| 0:04 | Build | House |
| 0:08 | Create | Villager (Male) |
| 0:08 | Create | Villager (Male) |
| 0:17 | Create | Villager (Male) |
| 0:17 | Create | Villager (Male) |
| 1:48 | Create | Villager (Male) |
| 2:17 | Create | Villager (Male) |
| 2:20 | Create | Villager (Male) |
| 2:20 | Create | Villager (Male) |
| 2:50 | Build | Lumber Camp |
| 3:13 | Create | Villager (Male) |
| 3:14 | Create | Villager (Male) |
| 3:35 | Create | Villager (Male) |
| 3:51 | Create | Villager (Male) |
| 3:52 | Create | Villager (Male) |
| 3:58 | Create | Villager (Male) |
| 3:58 | Create | Villager (Male) |
| 4:13 | Create | Villager (Male) |
| 4:38 | Create | Villager (Male) |
| 4:55 | Create | Villager (Male) |
| 4:55 | Create | Villager (Male) |
| 5:04 | Create | Villager (Male) |
| 5:41 | Create | Villager (Male) |
| 6:06 | Create | Villager (Male) |
| 6:07 | Create | Villager (Male) |
| 6:28 | Research | Loom |
| 6:30 | Build | House |
| 6:51 | Create | Villager (Male) |
| 6:51 | Create | Villager (Male) |
| 6:52 | Create | Villager (Male) |
| 6:58 | Build | House |
| 7:00 | Create | Villager (Male) |
| 7:28 | Build | Mill |
| 8:25 | Create | Villager (Male) |
| 8:26 | Create | Villager (Male) |
| 8:26 | Create | Villager (Male) |
| 8:27 | Create | Villager (Male) |
| 8:47 | Build | Town Center |
| 9:18 | Build | House |
| 9:57 | Create | Villager (Male) |
| 9:57 | Create | Villager (Male) |
| 9:58 | Create | Villager (Male) |
| 9:58 | Create | Villager (Male) |
| 9:58 | Create | Villager (Male) |
| 10:18 | Create | Villager (Male) |
| 10:18 | Create | Villager (Male) |
| 10:28 | Create | Villager (Male) |
| 10:29 | Create | Villager (Male) |
| 11:04 | Build | Mining Camp |
| 11:08 | Build | House |
| 11:17 | Create | Villager (Male) |
| 11:33 | Create | Villager (Male) |
| 12:34 | Build | House |
| 12:36 | Build | House |
| 12:49 | Build | House |
| 13:09 | Build | House |
| 13:12 | Build | House |
| 13:25 | Build | House |
| 13:28 | Build | Palisade Wall |
| 13:36 | Build | Barracks |
| 13:40 | Build | House |
| 14:20 | Create | Villager (Male) |
| 14:20 | Create | Villager (Male) |
| 14:21 | Create | Villager (Male) |
| 14:29 | Build | Palisade Wall |
| 14:31 | Build | Palisade Wall |
| 14:50 | Build | House |
| 14:54 | Build | Barracks |
| 15:09 | Create | Villager (Male) |
| 15:34 | Build | Mill |
| 15:38 | Create | Villager (Male) |
| 16:30 | Create | Villager (Male) |
| 16:41 | Create | Villager (Male) |
| 17:08 | Build | Mill |
| 17:28 | Build | Lumber Camp |
| 17:39 | Create | Villager (Male) |
| 17:40 | Create | Villager (Male) |
| 18:20 | Build | House |
| 18:30 | Research | Feudal Age |
| 18:33 | Build | House |
| 18:51 | Build | Palisade Wall |
| 19:08 | Build | Palisade Wall |
| 19:09 | Build | Palisade Wall |
| 19:20 | Build | Palisade Wall |
| 20:21 | Build | Lumber Camp |
| 20:30 | Build | House |
| 20:34 | Age | Feudal Age |
| 20:56 | Build | Watch Tower |
| 21:02 | Build | Stone Wall |
| 21:04 | Build | Stone Wall |
| 21:13 | Build | Mining Camp |
| 21:49 | Create | Villager (Male) |
| 21:49 | Create | Villager (Male) |
| 22:07 | Create | Villager (Male) |
| 22:24 | Build | Blacksmith |
| 22:37 | Create | Villager (Male) |
| 22:47 | Build | Watch Tower |
| 22:53 | Build | Watch Tower |
| 22:59 | Build | House |
| 23:03 | Build | House |
| 23:11 | Create | Villager (Male) |
| 23:31 | Build | Stone Wall |
| 23:35 | Build | Stone Wall |
| 23:39 | Build | Stone Wall |
| 23:41 | Build | Stone Wall |
| 23:58 | Create | Villager (Male) |
| 24:05 | Build | Market |
| 24:17 | Build | Barracks |
| 24:19 | Create | Villager (Male) |
| 24:39 | Build | House |
| 24:41 | Build | House |
| 24:51 | Research | Castle Age |
| 25:36 | Research | Double-Bit Axe |
| 25:53 | Build | Archery Range |
| 25:55 | Build | Archery Range |
| 26:05 | Build | Stone Wall |
| 26:09 | Build | Stone Wall |
| 26:10 | Build | Stone Wall |
| 26:12 | Build | Stone Wall |
| 26:30 | Build | Stone Wall |
| 26:50 | Build | Outpost |
| 26:51 | Build | Outpost |
| 27:01 | Build | Archery Range |
| 27:03 | Build | House |
| 27:05 | Build | House |
| 27:12 | Build | House |
| 27:15 | Build | House |
| 27:17 | Age | Castle Age |
| 27:17 | Build | Barracks |
| 27:23 | Create | Cavalry Archer ×5 |
| 27:30 | Research | Town Watch |
| 27:40 | Create | Cavalry Archer |
| 28:06 | Create | Cavalry Archer ×2 |
| 28:10 | Build | Outpost |
| 28:12 | Build | Outpost |
| 28:39 | Research | Fletching |
| 28:39 | Research | Fletching |
| 29:02 | Create | Cavalry Archer ×2 |
| 29:02 | Create | Cavalry Archer ×2 |
| 29:11 | Build | Outpost |
| 29:18 | Create | Cavalry Archer |
| 29:18 | Create | Cavalry Archer |
| 30:04 | Build | Castle |
| 30:14 | Build | House |
| 30:20 | Build | House |
| 30:24 | Build | House |
| 30:30 | Create | Cavalry Archer ×2 |
| 31:18 | Create | Cavalry Archer ×2 |
Match timeline
| 6:28 | KahTuc · wall_segment Palisade Wall x1 |
| 6:29 | KahTuc · wall_segment Palisade Wall x1 |
| 6:30 | KahTuc · wall_segment Palisade Wall x1 |
| 7:31 | KahTuc · wall_segment Palisade Wall x1 |
| 7:34 | KahTuc · wall_segment Palisade Wall x1 |
| 7:35 | KahTuc · wall_segment Palisade Wall x1 |
| 7:45 | KahTuc · first_building Barracks |
| 8:16 | KahTuc · wall_segment Palisade Wall x1 |
| 8:19 | KahTuc · wall_segment Palisade Wall x2 |
| 8:21 | KahTuc · wall_segment Palisade Wall x1 |
| 8:23 | KahTuc · wall_segment Palisade Wall x1 |
| 8:25 | KahTuc · wall_segment Palisade Wall x1 |
| 8:27 | KahTuc · wall_segment Palisade Wall x1 |
| 8:28 | KahTuc · wall_segment Palisade Wall x1 |
| 8:32 | KahTuc · wall_segment Palisade Wall x1 |
| 8:36 | KahTuc · wall_segment Palisade Wall x1 |
| 8:39 | KahTuc · wall_segment Palisade Wall x1 |
| 8:41 | KahTuc · wall_segment Palisade Wall x1 |
| 8:43 | KahTuc · wall_segment Palisade Wall x1 |
| 9:15 | KahTuc · age_up feudal |
| 13:28 | Tattletale Strangler · wall_segment Palisade Wall x1 |
| 13:36 | Tattletale Strangler · first_building Barracks |
| 14:29 | Tattletale Strangler · wall_segment Palisade Wall x1 |
| 14:31 | Tattletale Strangler · wall_segment Palisade Wall x1 |
| 18:51 | Tattletale Strangler · wall_segment Palisade Wall x1 |
| 19:08 | Tattletale Strangler · wall_segment Palisade Wall x1 |
| 19:09 | Tattletale Strangler · wall_segment Palisade Wall x1 |
| 19:20 | Tattletale Strangler · wall_segment Palisade Wall x1 |
| 20:34 | Tattletale Strangler · age_up feudal |
| 21:02 | Tattletale Strangler · wall_segment Stone Wall x1 |
| 21:04 | Tattletale Strangler · wall_segment Stone Wall x1 |
| 23:31 | Tattletale Strangler · wall_segment Stone Wall x1 |
| 23:35 | Tattletale Strangler · wall_segment Stone Wall x1 |
| 23:39 | Tattletale Strangler · wall_segment Stone Wall x1 |
| 23:41 | Tattletale Strangler · wall_segment Stone Wall x1 |
| 24:46 | Tattletale Strangler · first_market_buy 100 food |
| 25:27 | Tattletale Strangler · first_market_sell 100 stone |
| 25:53 | Tattletale Strangler · first_building Archery Range |
| 26:05 | Tattletale Strangler · wall_segment Stone Wall x1 |
| 26:09 | Tattletale Strangler · wall_segment Stone Wall x1 |
| 26:10 | Tattletale Strangler · wall_segment Stone Wall x1 |
| 26:12 | Tattletale Strangler · wall_segment Stone Wall x1 |
| 26:30 | Tattletale Strangler · wall_segment Stone Wall x1 |
| 27:09 | KahTuc · first_building Archery Range |
| 27:17 | Tattletale Strangler · age_up castle |
| 28:43 | KahTuc · age_up castle |
| 30:04 | Tattletale Strangler · first_building Castle |
| 32:16 | KahTuc · first_market_sell 100 wood |
| 32:19 | KahTuc · first_market_buy 100 stone |
| 32:29 | KahTuc · resign |
[ AI ANALYSIS · 1 CREDIT ]
What really happened in this match?
Wolo.gg analyzes every decision: build order, eco, micro, common mistakes by bracket. Personalized analysis on WhatsApp or Discord in 30 seconds.
Civ guide
Japanese
Perfil
Jugador #1440595